 Dungeon Crawl Stone Soup version 0.31-a0-1074-g0b22e4e0f1 (webtiles) character file.

Game seed: 10929327045983363595

95 sammy202020 the Ruffian (level 4, -1/42 HPs)
             Began as a Troll Shapeshifter on Nov 27, 2023.
             Engulfed by a cloud of flame (16 damage)
             ... on level 3 of the Dungeon.
             The game lasted 00:03:06 (2468 turns).

sammy202020 the Ruffian (Troll Shapeshifter)        Turns: 2468, Time: 00:03:07

Health: -1/42      AC:  5    Str: 22    XL:     4   Next: 39%
Magic:  3/3        EV:  9    Int:  8    God:
Gold:   90         SH:  0    Dex:  9    Spells: 3/3 levels left

rFire   . .          .
                       - Unarmed
rCold   . . .        (no shield)
rNeg    . . .        a - +1 animal skin
rPois   .            (helmet currently unavailable)
rElec   .            (cloak currently unavailable)
rCorr   .            (gloves unavailable)
SInv    .            (boots unavailable)
Will    .....        (no amulet)
Stlth   +            (no ring)
HPRegen 1.07/turn    (no ring)
MPRegen 0.08/turn

%: no passive effects
@: beast-form
A: beast (slay +2), large, unfitting armour, claws 3, regeneration 1, shaggy fur
1, tough skin 1
a: Begin Untransformation


You were on level 3 of the Dungeon.
You were a hulking beast.
You visited 1 branch of the dungeon, and saw 3 of its levels.

You collected 90 gold pieces.

Inventory:

Missiles
 h - a throwing net
 j - 3 atropa-tipped darts
Armour
 a - a +1 animal skin (worn)
Jewellery
 k - an amulet of magic regeneration
Talismans
 c - a beast talisman
 d - a flux talisman
Wands
 m - a wand of iceblast (10)
Potions
 b - a potion of lignification
 e - a potion of curing
 i - a potion of haste
 l - a potion of might {unknown}


   Skills:
 * Level 1.8 Fighting
 + Level 1.0 Armour
 + Level 1.9 Dodging
 * Level 3.6 Unarmed Combat
 * Level 3.5 Shapeshifting


You had 3 spell levels left.
You didn't know any spells.
Your spell library contained the following spells:

 Spells                   Type           Power      Damage    Failure   Level
 Dazzling Flash           Conj/Hex       0%         N/A       78%         3
 Frozen Ramparts          Ice            0%         1d1       78%         3
 Tukima's Dance           Hex            0%         N/A       78%         3
 Dimensional Bullseye     Hex/Tloc       0%         N/A       99%         4
 Iskenderun's Mystic Bla  Conj/Tloc      0%         2d3       99%         4
 Petrify                  Tmut/Erth      0%         N/A       99%         4
 Summon Ice Beast         Ice/Summ       0%         N/A       99%         4
 Agony                    Necr           0%         N/A       100%        5
 Metabolic Englaciation   Hex/Ice        0%         N/A       100%        5
 Silence                  Hex/Air        0%         N/A       100%        5
 Summon Mana Viper        Hex/Summ       0%         N/A       100%        5
 Monstrous Menagerie      Summ           0%         N/A       100%        7


Dungeon Overview and Level Annotations

Branches:
Dungeon (3/15)

Altars:
Cheibriados
Dithmenos
Gozag


Innate Abilities, Weirdness & Mutations

You are a hulking beast.
Your limbs bulge with bestial killing power. (Slay +2)
You are too large for most types of armour.
You have claws for hands.
Your natural rate of healing is unusually fast.
You are covered in fur. (AC +1)
You have tough skin. (AC +1)


Message History

Unknown command.
Unknown command.
Unknown command.
Unknown command.
Unknown command.
Unknown command.
Unknown command.
Unknown command.
Unknown command.
Unknown command.
Unknown command.
There is a stone staircase leading up here.
Found a stone staircase leading up.
As you read the scroll labelled RUAJAE XAFIK, it crumbles to dust.
It is a scroll of enchant armour.
Your +0 animal skin glows green for a moment.
As you read the scroll of identify, it crumbles to dust.
i - a potion of haste You open the door.
There is an open door here.
Found 2 gold pieces.
A ball python comes into view.
Found 9 gold pieces.
The ball python hisses angrily.
The ball python is engulfed in blazing flames.
The ball python dies!
Found 10 gold pieces.
Okay, then.
You start waiting.
Done waiting.
You start waiting.
Done waiting.
You start waiting.
Done waiting.
You start waiting.
Done waiting.
You are engulfed in blazing flames.
Ouch! That really hurt!
You are engulfed in blazing flames.
You die...

.#..........
.#..#.#..#.#####
...............# #
#........#####.# §☼#
.........#####.#####...#
.........##<##..☼○§.$...
#........##.##..h☼§.$$..
....<........#..○§☼...$.
....#......###.#####...#
....#......'...# §☼#
....#.#....##### .#
....#.#........#
......#..#..####
......#..#..#
.........#..#


There were no monsters in sight!

Vanquished Creatures
  4 adders (D:2)
  A dart slug (D:1)
  6 ball pythons
  5 bats
  7 endoplasms
  3 giant cockroaches
  4 goblins
  5 hobgoblins
  2 jackals (D:3)
  5 kobolds (D:1)
  2 quokkas (D:1)
  6 frilled lizards
  5 rats (D:1)
55 creatures vanquished.

Vanquished Creatures (others)
  An endoplasm (D:3)
  A ball python (D:3)
2 creatures vanquished.

Grand Total: 57 creatures vanquished

Notes
Turn   | Place    | Note
-------+----------+-------------------------------------------
     0 | D:1      | sammy202020 the Troll Shapeshifter began the quest for the
                  | Orb.
     0 | D:1      | Reached XP level 1. HP: 18/18 MP: 0/0
    36 | D:1      | Reached skill level 1 in Fighting
    76 | D:1      | Reached XP level 2. HP: 27/27 MP: 1/1
   271 | D:1      | Reached XP level 3. HP: 33/33 MP: 2/2
   578 | D:1      | Found a faded altar of an unknown god.
   639 | D:1      | Found an opulent altar of Gozag.
  1095 | D:2      | Reached XP level 4. HP: 41/41 MP: 3/3
  1800 | D:3      | Found a snail-covered altar of Cheibriados.
  1827 | D:3      | Reached skill level 1 in Armour
  1993 | D:3      | Found a shadowy altar of Dithmenos.
  2468 | D:3      | Engulfed by a cloud of flame

Illustrated notes

Levels and vault maps discovered:
D:1:      dpeg_arrival_lava_altar, layout_basic,
          shapermc_ecumenical_altar_mp_vishouse, minmay_misc_feat_alley,
          minmay_misc_feat_rows
D:2:      layout_basic
D:3:      layout_basic, nicolae_dithmenos_the_darkroom, lemuel_doored_altar,
          kennysheep_another_room, lemuel_flame_loot_1

Skill      XL: |  1  2  3  4 |
---------------+-------------+-----
Fighting       | 1 |  1.8
Armour         | 1 |  1.0
Dodging        | |  1.9
Unarmed Combat | |  3.6
Shapeshifting  | |  3.5

Action                     |  1- 3 |  4- 6 || total
---------------------------+-------+-------++-------
  Melee: Unarmed           |    75 |    31 ||   106
         Punch             |       |     1 ||     1
    Use: Scroll            |     2 |     3 ||     5
 Armour: Animal skin       |    27 |    23 ||    50
  Dodge: Dodged            |    31 |    17 ||    48

Table legend: (Time is in decaauts)
 A = Elapsed time spent in this place.
 B = Non-inter-level travel time spent in this place.
 C = Inter-level travel time spent in this place.
 D = Time resting spent in this place.
 E = Time spent auto-exploring this place.
 F = Levels seen in this place.
 G = Mean time per level.
                   A        B        C        D        E       F      G
               +--------+--------+--------+--------+--------+-----+--------+
         Total |   2460 |   2399 |     61 |    400 |   1519 |   3 |  820.0 |
       Dungeon |   2460 |   2399 |     61 |    400 |   1519 |   3 |  820.0 |
               +--------+--------+--------+--------+--------+-----+--------+

Top non-repeatable levels by time:
     D:2: 1004 daAuts
     D:3: 793 daAuts
     D:1: 663 daAuts
